Edmonton Oil Kings vs Espoo Blues
Created - Saturday, April 29, 2023 at 09:31
Goals
|
| Edmonton Oil Kings |
0 |
1 |
0 |
1 |
| Espoo Blues |
0 |
1 |
2 |
3 |
|
Shots
|
| Edmonton Oil Kings |
9 |
11 |
7 |
27 |
| Espoo Blues |
10 |
5 |
6 |
21 |
|
1st period
No Goal
Penalties :
Anton Blidh (ESP) for Roughing (Minor) at 5:16, Anton Blidh (ESP) for Holding Stick (Minor) at 15:17
2nd period
1. Edmonton Oil Kings , Ryan McLeod 13 (Dawson Mercer 44) at 0:13
2. Espoo Blues , Fredrik Karlstrom 4 (Patric Hornqvist 8, Viktor Lodin 3) at 17:02
Penalties :
Tyler Angle (EOK) for Tripping (Minor) at 8:56, Logan O'Connor (ESP) for Tripping (Minor) at 17:25
3rd period
3. Espoo Blues , Stefan Noesen 27 (Michael Stone 15, Derek Grant 18) at 0:19
4. Espoo Blues , Stefan Noesen 28 (Mattias Samuelsson 15, Derek Grant 19) at 8:48
Penalties :
Chad Ruhwedel (ESP) for Tripping (Minor) at 0:38, Stefan Noesen (ESP) for Hooking (Minor) at 10:49, Stefan Noesen (ESP) for Slashing (Double Minor) at 15:48
Goalie Stats
Karel Vejmelka (EOK), 18 saves from 21 shots - (0.857), L, 13-5-1, 60:00 minutes
Stuart Skinner (ESP), 26 saves from 27 shots - (0.963), W, 10-6-1, 60:00 minutes
Players Stats for Edmonton Oil Kings
Player Name G A P +/- PIM S H SB GA TA FO MP PP MP PK MP
------------------------------------------------------------------------------------
Brett Kulak 0 0 0 -1 0 0 6 0 0 0 0/0 23:11 5:30 0:45
Connor McMichael 0 0 0 -1 0 0 0 0 0 0 0/0 9:17 0:59 0:00
Dawson Mercer 0 1 1 0 0 4 1 0 1 0 5/7 20:56 6:54 0:29
Dillon Dube 0 0 0 -1 0 4 2 1 2 0 0/0 18:08 6:43 0:29
Dylan Holloway 0 0 0 -1 0 2 1 0 0 0 1/4 10:52 0:00 0:00
Dysin Mayo 0 0 0 -1 0 0 4 0 0 0 0/0 23:51 7:37 1:14
Filip Zadina 0 0 0 0 0 4 2 0 0 0 0/1 19:30 5:56 0:00
Gabriel Carlsson 0 0 0 -1 0 1 2 3 0 0 0/0 22:26 5:30 0:00
Jack Johnson 0 0 0 -1 0 0 1 0 0 2 0/0 17:12 0:24 1:14
Joey Anderson 0 0 0 0 0 1 0 0 1 0 0/0 16:31 5:56 0:00
Josh Mahura 0 0 0 0 0 1 0 0 0 0 0/0 19:14 7:37 0:00
Julien Gauthier 0 0 0 -1 0 1 0 0 0 1 0/0 9:25 0:37 0:26
Libor Hajek 0 0 0 0 0 1 1 0 0 1 0/0 14:06 1:10 0:45
Morgan Barron 0 0 0 0 0 0 5 0 0 0 0/0 13:00 0:56 0:26
Nikita Alexandrov 0 0 0 -1 0 0 1 0 0 0 1/2 9:45 1:06 0:00
Noah Gregor 0 0 0 -1 0 3 5 0 2 1 0/0 18:43 6:43 1:04
Ryan McLeod 1 0 1 0 0 3 1 0 0 0 16/27 20:30 5:40 1:04
Tyler Angle 0 0 0 0 2 2 2 1 0 3 2/3 11:23 0:12 0:00
Players Stats for Espoo Blues
Player Name G A P +/- PIM S H SB GA TA FO MP PP MP PK MP
------------------------------------------------------------------------------------
Anton Blidh 0 0 0 1 4 1 2 0 0 0 0/0 12:36 0:00 0:21
Brendan Lemieux 0 0 0 1 0 1 1 0 0 1 0/1 12:16 0:49 0:00
Cam York 0 0 0 0 0 2 3 1 1 0 0/0 21:20 0:47 5:49
Chad Ruhwedel 0 0 0 0 2 0 0 2 1 1 0/0 20:12 0:47 5:02
Derek Grant 0 2 2 1 0 0 1 0 1 1 5/19 19:17 0:49 6:22
Derick Brassard 0 0 0 0 0 3 4 0 0 0 9/12 19:31 1:10 6:01
Fredrik Karlstrom 1 0 1 1 0 3 1 0 1 0 3/7 13:27 0:00 1:17
Gavin Bayreuther 0 0 0 0 0 0 1 1 0 0 0/0 13:07 0:00 0:45
Joe Snively 0 0 0 0 0 0 2 0 0 0 0/0 15:44 1:10 2:02
Logan O'Connor 0 0 0 0 2 0 2 2 0 1 1/2 18:35 0:07 5:30
Mattias Janmark 0 0 0 0 0 0 2 0 0 0 0/0 6:37 0:00 6:15
Mattias Samuelsson 0 1 1 2 0 0 1 2 0 0 0/0 26:51 1:12 7:23
Michael Stone 0 1 1 2 0 1 1 1 1 1 0/0 25:39 1:12 7:23
Patric Hornqvist 0 1 1 1 0 1 2 0 0 0 0/0 12:00 0:49 0:00
Ridly Greig 0 0 0 0 0 0 0 0 0 0 0/0 8:22 0:00 0:00
Stefan Noesen 2 0 2 1 6 8 1 2 1 1 0/0 18:48 1:03 0:00
Urho Vaakanainen 0 0 0 0 0 0 1 5 2 0 0/0 13:16 0:00 1:26
Viktor Lodin 0 1 1 0 0 1 0 0 0 0 1/3 8:22 0:00 0:00
3 Stars
1 - Stuart Skinner (ESP)
2 - Fredrik Karlstrom (ESP)
3 - Derek Grant (ESP)
Power Play
Edmonton Oil Kings - 0 on 7 Attempt(s) - 0.00%
Espoo Blues - 0 on 1 Attempt(s) - 0.00%
Penalty Kill
Edmonton Oil Kings - 1 on 1 Attempt(s) - 100.00%
- Score 0 goal in Penalty Kill
Espoo Blues - 7 on 7 Attempt(s) - 100.00%
- Score 0 goal in Penalty Kill
Team Stat
Edmonton Oil Kings - Hits : 34 - Faceoff Wins : 25 - Blocked Shots : 5 - Penalty Minutes : 2
Espoo Blues - Hits : 25 - Faceoff Wins : 19 - Blocked Shots : 16 - Penalty Minutes : 14
Official
Referees : Frederick L'Ecuyer and Wes McCauley
Linesman : David Brisebois and Ryan Galloway
Game Notes
No Game Note
Edmonton Oil Kings
5 vs 5 Forward
Center Left Wing Right Wing Time % Phy DF OF
1 Ryan McLeod Filip Zadina Dawson Mercer 40 0 2 3
2 Dylan Holloway Noah Gregor Dillon Dube 30 0 2 3
3 Tyler Angle Morgan Barron Joey Anderson 20 0 2 3
4 Nikita Alexandrov Connor McMichael Julien Gauthier 10 0 2 3
5 vs 5 Defense
Defense Defense Time % Phy DF OF
1 Dysin Mayo Jack Johnson 40 1 3 1
2 Brett Kulak Gabriel Carlsson 40 1 4 0
3 Libor Hajek Josh Mahura 20 1 3 1
4 Dysin Mayo Jack Johnson 0 1 2 2
PowerPlay Forward
Center Left Wing Right Wing Time % Phy DF OF
1 Dawson Mercer Noah Gregor Dillon Dube 60 0 0 5
2 Ryan McLeod Filip Zadina Joey Anderson 40 0 1 4
PowerPlay Defense
Defense Defense Time % Phy DF OF
1 Dysin Mayo Josh Mahura 60 0 1 4
2 Brett Kulak Gabriel Carlsson 40 0 1 4
Penalty Kill 4 Players Forward
Center Wing Time % Phy DF OF
1 Ryan McLeod Noah Gregor 60 1 4 0
2 Dawson Mercer Dillon Dube 40 1 4 0
Penalty Kill 4 Players Defense
Defense Defense Time % Phy DF OF
1 Dysin Mayo Jack Johnson 60 1 4 0
2 Brett Kulak Libor Hajek 40 1 4 0
Penalty Kill - 3 Players Forward
Forward Time % Phy DF OF
1 Ryan McLeod 60 1 4 0
2 Noah Gregor 40 1 4 0
Penalty Kill - 3 Players Defense
Defense Defense Time % Phy DF OF
1 Dysin Mayo Jack Johnson 60 1 4 0
2 Brett Kulak Libor Hajek 40 1 4 0
4 vs 4 Forward
Center Wing Time % Phy DF OF
1 Ryan McLeod Dillon Dube 60 0 2 3
2 Dawson Mercer Noah Gregor 40 0 2 3
4 vs 4 Defense
Defense Defense Time % Phy DF OF
1 Dysin Mayo Jack Johnson 60 0 3 2
2 Brett Kulak Josh Mahura 40 0 2 3
Last Minutes Offensive
Center Left Wing Right Wing Defense Defense
Ryan McLeod Dillon Dube Dawson Mercer Dysin Mayo Jack Johnson
Last Minutes Defensive
Center Left Wing Right Wing Defense Defense
Ryan McLeod Noah Gregor Dillon Dube Dysin Mayo Jack Johnson
Goaltenders
Starting : Karel Vejmelka
Backup : Adam Huska
Extra Forwards
Normal : Nikita Alexandrov, Connor McMichael, Julien Gauthier - PP : Nikita Alexandrov, Connor McMichael - PK : Julien Gauthier
Extra Defensemen
Normal : Libor Hajek, Josh Mahura, Brett Kulak - PP : Libor Hajek - PK : Josh Mahura, Brett Kulak
Penalty Shots
Dawson Mercer, Dillon Dube, Noah Gregor, Filip Zadina, Ryan McLeod
Espoo Blues
5 vs 5 Forward
Center Left Wing Right Wing Time % Phy DF OF
1 Derick Brassard Joe Snively Logan O'Connor 37 1 1 2
2 Derek Grant Brendan Lemieux Stefan Noesen 36 1 2 2
3 Fredrik Karlstrom Anton Blidh Patric Hornqvist 22 1 2 2
4 Viktor Lodin Ridly Greig Stefan Noesen 5 1 2 2
5 vs 5 Defense
Defense Defense Time % Phy DF OF
1 Mattias Samuelsson Michael Stone 41 1 2 2
2 Chad Ruhwedel Cam York 32 1 2 2
3 Urho Vaakanainen Gavin Bayreuther 20 1 2 2
4 Mattias Samuelsson Cam York 7 1 2 2
PowerPlay Forward
Center Left Wing Right Wing Time % Phy DF OF
1 Derick Brassard Joe Snively Stefan Noesen 62 1 2 2
2 Derek Grant Brendan Lemieux Patric Hornqvist 38 1 2 2
PowerPlay Defense
Defense Defense Time % Phy DF OF
1 Mattias Samuelsson Michael Stone 60 1 2 2
2 Chad Ruhwedel Cam York 40 1 2 2
Penalty Kill 4 Players Forward
Center Wing Time % Phy DF OF
1 Derek Grant Logan O'Connor 60 1 2 2
2 Derick Brassard Mattias Janmark 40 1 2 2
Penalty Kill 4 Players Defense
Defense Defense Time % Phy DF OF
1 Mattias Samuelsson Michael Stone 60 1 2 2
2 Chad Ruhwedel Cam York 40 1 2 2
Penalty Kill - 3 Players Forward
Forward Time % Phy DF OF
1 Derek Grant 60 1 2 2
2 Derick Brassard 40 1 2 2
Penalty Kill - 3 Players Defense
Defense Defense Time % Phy DF OF
1 Mattias Samuelsson Michael Stone 60 1 2 2
2 Chad Ruhwedel Cam York 40 1 2 2
4 vs 4 Forward
Center Wing Time % Phy DF OF
1 Derek Grant Stefan Noesen 60 1 2 2
2 Derick Brassard Joe Snively 40 1 2 2
4 vs 4 Defense
Defense Defense Time % Phy DF OF
1 Mattias Samuelsson Michael Stone 60 1 2 2
2 Chad Ruhwedel Cam York 40 1 2 2
Last Minutes Offensive
Center Left Wing Right Wing Defense Defense
Derek Grant Joe Snively Stefan Noesen Mattias Samuelsson Michael Stone
Last Minutes Defensive
Center Left Wing Right Wing Defense Defense
Derek Grant Derick Brassard Logan O'Connor Mattias Samuelsson Michael Stone
Goaltenders
Starting : Stuart Skinner
Backup : Spencer Knight
Extra Forwards
Normal : Stefan Noesen, Joe Snively, Derick Brassard - PP : Stefan Noesen, Joe Snively - PK : Logan O'Connor
Extra Defensemen
Normal : Cam York, Mattias Samuelsson, Michael Stone - PP : Michael Stone - PK : Urho Vaakanainen, Gavin Bayreuther
Penalty Shots
Stefan Noesen, Patric Hornqvist, Joe Snively, Brendan Lemieux, Viktor Lodin
% Time on Ice - Edmonton Oil Kings
Lines # - Real PCT - Wanted PCT - Time Play
Normal Forward
1 - 33% - 40% - 14:27
2 - 25% - 30% - 10:54
3 - 25% - 20% - 10:57
4 - 18% - 10% - 7:49
Normal Defense
1 - 37% - 40% - 16:28
2 - 38% - 40% - 16:56
3 - 24% - 20% - 10:43
4 - 0% - 0% - 0:00
PP Forward
1 - 57% - 60% - 7:54
2 - 43% - 40% - 6:00
PP Defense
1 - 60% - 60% - 8:24
2 - 40% - 40% - 5:30
PK Forward
1 - 76% - 60% - 1:30
2 - 24% - 40% - 0:29
PK Defense
1 - 62% - 60% - 1:14
2 - 38% - 40% - 0:45
PK3 Forward
1 - 0% - 60%
2 - 0% - 40%
PK3 Defense
1 - 0% - 60%
2 - 0% - 40%
44 Forward
1 - 0% - 60%
2 - 0% - 40%
44 Defense
1 - 0% - 60%
2 - 0% - 40%
Last Minute Offensive - 0:00
Last Minute Defensive - 0:00
Total
Forward - 60:00
Defense - 60:00
|
% Time on Ice - Espoo Blues
Lines # - Real PCT - Wanted PCT - Time Play
Normal Forward
1 - 30% - 37% - 13:10
2 - 26% - 36% - 11:23
3 - 25% - 22% - 11:12
4 - 19% - 5% - 8:22
Normal Defense
1 - 39% - 41% - 17:04
2 - 33% - 32% - 14:30
3 - 27% - 20% - 11:50
4 - 2% - 7% - 0:43
PP Forward
1 - 59% - 62% - 1:10
2 - 41% - 38% - 0:49
PP Defense
1 - 61% - 60% - 1:12
2 - 39% - 40% - 0:47
PK Forward
1 - 79% - 60% - 10:55
2 - 21% - 40% - 2:59
PK Defense
1 - 58% - 60% - 8:05
2 - 42% - 40% - 5:49
PK3 Forward
1 - 0% - 60%
2 - 0% - 40%
PK3 Defense
1 - 0% - 60%
2 - 0% - 40%
44 Forward
1 - 0% - 60%
2 - 0% - 40%
44 Defense
1 - 0% - 60%
2 - 0% - 40%
Last Minute Offensive - 0:00
Last Minute Defensive - 0:00
Total
Forward - 60:00
Defense - 60:00
|
Play-by-Play
1st period
0:01 of 1st period - Ryan McLeod wins face-off versus Derick Brassard in neutral zone.
0:52 of 1st period - Snap shot by Patric Hornqvist.
0:52 of 1st period - Shot Blocked by Gabriel Carlsson.
0:54 of 1st period - Snap shot by Anton Blidh.
0:54 of 1st period - Stopped by Karel Vejmelka with a rebound.
0:56 of 1st period - Wrist shot by Anton Blidh.
0:56 of 1st period - Shot Blocked by Tyler Angle.
0:58 of 1st period - Slapshot by Michael Stone.
0:58 of 1st period - Shot Blocked by Gabriel Carlsson.
1:08 of 1st period - Wrist shot by Stefan Noesen.
1:08 of 1st period - Stopped by Karel Vejmelka without a rebound.
1:09 of 1st period - Viktor Lodin wins face-off versus Nikita Alexandrov in Edmonton Oil Kings zone.
1:12 of 1st period - Wrist shot by Stefan Noesen.
1:12 of 1st period - Stopped by Karel Vejmelka with a rebound.
1:14 of 1st period - Snap shot by Stefan Noesen.
1:14 of 1st period - Stopped by Karel Vejmelka without a rebound.
1:15 of 1st period - Logan O'Connor wins face-off versus Ryan McLeod in Edmonton Oil Kings zone.
1:37 of 1st period - Icing by Urho Vaakanainen.
1:38 of 1st period - Derek Grant wins face-off versus Dylan Holloway in Espoo Blues zone.
1:45 of 1st period - Snap shot by Dillon Dube.
1:45 of 1st period - Stopped by Stuart Skinner with a rebound.
2:07 of 1st period - Slapshot by Dawson Mercer.
2:07 of 1st period - Shot Blocked by Urho Vaakanainen.
2:09 of 1st period - Wrist shot by Ryan McLeod.
2:09 of 1st period - Shot Hit the Post.
2:11 of 1st period - Slapshot by Gabriel Carlsson.
2:11 of 1st period - Stopped by Stuart Skinner without a rebound.
2:12 of 1st period - Derick Brassard wins face-off versus Tyler Angle in Espoo Blues zone.
2:25 of 1st period - Snap shot by Derick Brassard.
2:25 of 1st period - Stopped by Karel Vejmelka with a rebound.
2:36 of 1st period - Icing by Joey Anderson.
2:37 of 1st period - Ryan McLeod wins face-off versus Derek Grant in Edmonton Oil Kings zone.
3:04 of 1st period - Nikita Alexandrov is hit by Brendan Lemieux and loses puck.
3:13 of 1st period - Snap shot by Stefan Noesen.
3:13 of 1st period - Stopped by Karel Vejmelka with a rebound.
3:25 of 1st period - Snap shot by Derek Grant.
3:25 of 1st period - Shot Blocked by Dillon Dube.
3:27 of 1st period - Snap shot by Cam York.
3:27 of 1st period - Stopped by Karel Vejmelka with a rebound.
3:35 of 1st period - Wrist shot by Brendan Lemieux.
3:35 of 1st period - Stopped by Karel Vejmelka with a rebound.
3:40 of 1st period - Wrist shot by Brendan Lemieux.
3:40 of 1st period - Deflect By Stefan Noesen.
3:40 of 1st period - Shot Misses the Net.
3:40 of 1st period - Puck is out of play.
3:41 of 1st period - Derick Brassard wins face-off versus Ryan McLeod in Edmonton Oil Kings zone.
4:19 of 1st period - Brett Kulak is hit by Anton Blidh and loses puck.
4:46 of 1st period - Wrist shot by Dillon Dube.
4:46 of 1st period - Shot Blocked by Logan O'Connor.
4:48 of 1st period - Snap shot by Noah Gregor.
4:48 of 1st period - Shot Blocked by Logan O'Connor.
4:54 of 1st period - Wrist shot by Noah Gregor.
4:54 of 1st period - Stopped by Stuart Skinner without a rebound.
4:55 of 1st period - Fredrik Karlstrom wins face-off versus Ryan McLeod in Espoo Blues zone.
5:16 of 1st period - Minor Penalty to Anton Blidh for Roughing.
5:17 of 1st period - Derek Grant wins face-off versus Dawson Mercer in Espoo Blues zone.
5:30 of 1st period - Derek Grant is hit by Noah Gregor and loses puck.
5:51 of 1st period - Off-side.
5:52 of 1st period - Dawson Mercer wins face-off versus Derick Brassard in neutral zone.
5:55 of 1st period - Chad Ruhwedel is hit by Dillon Dube and loses puck.
6:00 of 1st period - Slapshot by Dawson Mercer.
6:00 of 1st period - Shot Hit the Post.
7:16 of 1st period - Penalty to Anton Blidh is over, Anton Blidh is back on ice.
7:42 of 1st period - Gavin Bayreuther is hit by Morgan Barron and loses puck.
8:01 of 1st period - Nikita Alexandrov is hit by Michael Stone and loses puck.
8:28 of 1st period - Gavin Bayreuther is hit by Morgan Barron and loses puck.
8:44 of 1st period - Wrist shot by Dillon Dube.
8:44 of 1st period - Stopped by Stuart Skinner with a rebound.
9:21 of 1st period - Cam York is hit by Dylan Holloway and loses puck.
10:20 of 1st period - Cam York is hit by Brett Kulak and loses puck.
10:52 of 1st period - Snap shot by Connor McMichael.
10:52 of 1st period - Shot Misses the Net.
11:14 of 1st period - Dysin Mayo is hit by Logan O'Connor and loses puck.
12:02 of 1st period - Snap shot by Stefan Noesen.
12:02 of 1st period - Stopped by Karel Vejmelka without a rebound.
12:03 of 1st period - Dylan Holloway wins face-off versus Viktor Lodin in Edmonton Oil Kings zone.
12:12 of 1st period - Snap shot by Viktor Lodin.
12:12 of 1st period - Shot Misses the Net.
12:14 of 1st period - Slapshot by Gavin Bayreuther.
12:14 of 1st period - Shot Misses the Net.
12:26 of 1st period - Wrist shot by Joey Anderson.
12:26 of 1st period - Stopped by Stuart Skinner with a rebound.
12:28 of 1st period - Slapshot by Libor Hajek.
12:28 of 1st period - Deflect By Stefan Noesen.
12:28 of 1st period - Stopped by Stuart Skinner with a rebound.
12:30 of 1st period - Snap shot by Libor Hajek.
12:30 of 1st period - Shot Blocked by Urho Vaakanainen.
12:32 of 1st period - Slapshot by Libor Hajek.
12:32 of 1st period - Shot Blocked by Gavin Bayreuther.
12:34 of 1st period - Slapshot by Morgan Barron.
12:34 of 1st period - Shot Blocked by Urho Vaakanainen.
12:36 of 1st period - Backhand shot by Tyler Angle.
12:36 of 1st period - Shot Blocked by Urho Vaakanainen.
12:38 of 1st period - Slapshot by Josh Mahura.
12:38 of 1st period - Stopped by Stuart Skinner with a rebound.
13:00 of 1st period - Slapshot by Fredrik Karlstrom.
13:00 of 1st period - Stopped by Karel Vejmelka without a rebound.
13:01 of 1st period - Derick Brassard wins face-off versus Dylan Holloway in Edmonton Oil Kings zone.
13:16 of 1st period - Snap shot by Noah Gregor.
13:16 of 1st period - Shot Misses the Net.
13:26 of 1st period - Michael Stone is hit by Jack Johnson and loses puck.
13:58 of 1st period - Logan O'Connor is hit by Morgan Barron and loses puck.
14:23 of 1st period - Brett Kulak is hit by Anton Blidh and loses puck.
14:38 of 1st period - Snap shot by Filip Zadina.
14:38 of 1st period - Stopped by Stuart Skinner with a rebound.
15:13 of 1st period - Snap shot by Dylan Holloway.
15:13 of 1st period - Stopped by Stuart Skinner without a rebound.
15:14 of 1st period - Fredrik Karlstrom wins face-off versus Ryan McLeod in Espoo Blues zone.
15:14 of 1st period - Fredrik Karlstrom is hit by Dawson Mercer.
15:17 of 1st period - Minor Penalty to Anton Blidh for Holding Stick.
15:18 of 1st period - Derek Grant wins face-off versus Dawson Mercer in Espoo Blues zone.
15:48 of 1st period - Mattias Samuelsson is hit by Dysin Mayo and loses puck.
16:27 of 1st period - Josh Mahura is hit by Derick Brassard and loses puck.
16:56 of 1st period - Gabriel Carlsson is hit by Mattias Janmark and loses puck.
17:17 of 1st period - Penalty to Anton Blidh is over, Anton Blidh is back on ice.
17:31 of 1st period - Snap shot by Connor McMichael.
17:31 of 1st period - Shot Misses the Net.
17:44 of 1st period - Slapshot by Chad Ruhwedel.
17:44 of 1st period - Shot Misses the Net.
Goals for this period are 0 for Edmonton Oil Kings vs 0 for Espoo Blues.
Shots for this period are 9 for Edmonton Oil Kings vs 10 for Espoo Blues.
2nd period
0:01 of 2nd period - Ryan McLeod wins face-off versus Derek Grant in neutral zone.
0:03 of 2nd period - Off-side.
0:04 of 2nd period - Ryan McLeod wins face-off versus Derek Grant in neutral zone.
0:07 of 2nd period - Snap shot by Dawson Mercer.
0:07 of 2nd period - Stopped by Stuart Skinner with a rebound.
0:09 of 2nd period - Snap shot by Ryan McLeod.
0:09 of 2nd period - Deflect By Dawson Mercer.
0:09 of 2nd period - Stopped by Stuart Skinner with a rebound.
0:11 of 2nd period - Wrist shot by Ryan McLeod.
0:11 of 2nd period - Stopped by Stuart Skinner with a rebound.
0:13 of 2nd period - Slapshot by Ryan McLeod.
0:13 of 2nd period - Goal by Ryan McLeod - Edmonton Oil Kings : 1 - Espoo Blues : 0.
0:14 of 2nd period - Ryan McLeod wins face-off versus Brendan Lemieux in neutral zone.
0:29 of 2nd period - Snap shot by Filip Zadina.
0:29 of 2nd period - Stopped by Stuart Skinner with a rebound.
0:39 of 2nd period - Dylan Holloway is hit by Logan O'Connor and loses puck.
1:04 of 2nd period - Anton Blidh is hit by Dysin Mayo and loses puck.
1:43 of 2nd period - Joe Snively is hit by Filip Zadina and loses puck.
2:04 of 2nd period - Stefan Noesen is hit by Brett Kulak and loses puck.
2:11 of 2nd period - Wrist shot by Noah Gregor.
2:11 of 2nd period - Stopped by Stuart Skinner with a rebound.
2:28 of 2nd period - Wrist shot by Tyler Angle.
2:28 of 2nd period - Deflect By Michael Stone.
2:28 of 2nd period - Stopped by Stuart Skinner without a rebound.
2:29 of 2nd period - Ryan McLeod wins face-off versus Fredrik Karlstrom in Espoo Blues zone.
2:32 of 2nd period - Snap shot by Filip Zadina.
2:32 of 2nd period - Deflect By Ryan McLeod.
2:32 of 2nd period - Shot Misses the Net.
2:32 of 2nd period - Puck is out of play.
2:33 of 2nd period - Ryan McLeod wins face-off versus Fredrik Karlstrom in Espoo Blues zone.
3:31 of 2nd period - Slapshot by Stefan Noesen.
3:31 of 2nd period - Stopped by Karel Vejmelka with a rebound.
4:27 of 2nd period - Anton Blidh is hit by Noah Gregor and loses puck.
4:32 of 2nd period - Wrist shot by Dillon Dube.
4:32 of 2nd period - Stopped by Stuart Skinner without a rebound.
4:33 of 2nd period - Derick Brassard wins face-off versus Filip Zadina in Espoo Blues zone.
4:44 of 2nd period - Slapshot by Filip Zadina.
4:44 of 2nd period - Stopped by Stuart Skinner without a rebound.
4:45 of 2nd period - Ryan McLeod wins face-off versus Derek Grant in Espoo Blues zone.
5:39 of 2nd period - Snap shot by Anton Blidh.
5:39 of 2nd period - Shot Misses the Net.
5:41 of 2nd period - Slapshot by Chad Ruhwedel.
5:41 of 2nd period - Shot Blocked by Gabriel Carlsson.
5:51 of 2nd period - Joey Anderson is hit by Cam York and loses puck.
6:02 of 2nd period - Slapshot by Morgan Barron.
6:02 of 2nd period - Shot Misses the Net.
6:04 of 2nd period - Slapshot by Libor Hajek.
6:04 of 2nd period - Shot Misses the Net.
7:17 of 2nd period - Brett Kulak is hit by Mattias Samuelsson and loses puck.
7:57 of 2nd period - Icing by Jack Johnson.
7:58 of 2nd period - Nikita Alexandrov wins face-off versus Viktor Lodin in Edmonton Oil Kings zone.
7:58 of 2nd period - Nikita Alexandrov is hit by Urho Vaakanainen.
8:12 of 2nd period - Snap shot by Viktor Lodin.
8:12 of 2nd period - Stopped by Karel Vejmelka without a rebound.
8:13 of 2nd period - Ryan McLeod wins face-off versus Derek Grant in Edmonton Oil Kings zone.
8:42 of 2nd period - Mattias Samuelsson is hit by Morgan Barron and loses puck.
8:56 of 2nd period - Minor Penalty to Tyler Angle for Tripping.
8:57 of 2nd period - Derick Brassard wins face-off versus Ryan McLeod in Edmonton Oil Kings zone.
8:59 of 2nd period - Slapshot by Derick Brassard.
8:59 of 2nd period - Stopped by Karel Vejmelka with a rebound.
9:01 of 2nd period - Wrist shot by Joe Snively.
9:01 of 2nd period - Shot Misses the Net.
9:03 of 2nd period - Slapshot by Cam York.
9:03 of 2nd period - Stopped by Karel Vejmelka with a rebound.
9:05 of 2nd period - Snap shot by Stefan Noesen.
9:05 of 2nd period - Shot Misses the Net.
9:07 of 2nd period - Wrist shot by Joe Snively.
9:07 of 2nd period - Deflect By Derick Brassard.
9:07 of 2nd period - Shot Hit the Post.
9:07 of 2nd period - Puck is out of play.
9:08 of 2nd period - Derick Brassard wins face-off versus Ryan McLeod in Edmonton Oil Kings zone.
9:33 of 2nd period - Dysin Mayo is hit by Patric Hornqvist and loses puck.
10:56 of 2nd period - Penalty to Tyler Angle is over, Tyler Angle is back on ice.
12:12 of 2nd period - Slapshot by Libor Hajek.
12:12 of 2nd period - Shot Blocked by Chad Ruhwedel.
13:21 of 2nd period - Fredrik Karlstrom is hit by Nikita Alexandrov.
13:31 of 2nd period - Michael Stone is hit by Noah Gregor and loses puck.
13:55 of 2nd period - Derek Grant is hit by Filip Zadina.
14:27 of 2nd period - Libor Hajek is hit by Derick Brassard and loses puck.
14:46 of 2nd period - Dysin Mayo is hit by Stefan Noesen.
15:43 of 2nd period - Connor McMichael is hit by Gavin Bayreuther and loses puck.
15:54 of 2nd period - Slapshot by Gabriel Carlsson.
15:54 of 2nd period - Shot Misses the Net.
15:56 of 2nd period - Slapshot by Gabriel Carlsson.
15:56 of 2nd period - Shot Blocked by Urho Vaakanainen.
15:58 of 2nd period - Snap shot by Ryan McLeod.
15:58 of 2nd period - Stopped by Stuart Skinner without a rebound.
15:59 of 2nd period - Fredrik Karlstrom wins face-off versus Ryan McLeod in Espoo Blues zone.
16:10 of 2nd period - Libor Hajek is hit by Derek Grant and loses puck.
16:25 of 2nd period - Noah Gregor is hit by Cam York and loses puck.
16:48 of 2nd period - Wrist shot by Joey Anderson.
16:48 of 2nd period - Shot Misses the Net.
17:00 of 2nd period - Snap shot by Patric Hornqvist.
17:00 of 2nd period - Shot Misses the Net.
17:02 of 2nd period - Wrist shot by Fredrik Karlstrom.
17:02 of 2nd period - Goal by Fredrik Karlstrom - Edmonton Oil Kings : 1 - Espoo Blues : 1.
17:03 of 2nd period - Derick Brassard wins face-off versus Ryan McLeod in neutral zone.
17:08 of 2nd period - Ryan McLeod is hit by Joe Snively and loses puck.
17:14 of 2nd period - Filip Zadina is hit by Derick Brassard and loses puck.
17:25 of 2nd period - Minor Penalty to Logan O'Connor for Tripping.
17:26 of 2nd period - Dawson Mercer wins face-off versus Derek Grant in Espoo Blues zone.
17:31 of 2nd period - Snap shot by Dawson Mercer.
17:31 of 2nd period - Deflect By Derek Grant.
17:31 of 2nd period - Shot Misses the Net.
17:31 of 2nd period - Puck is out of play.
17:32 of 2nd period - Dawson Mercer wins face-off versus Derek Grant in Espoo Blues zone.
17:33 of 2nd period - Wrist shot by Dillon Dube.
17:33 of 2nd period - Shot Blocked by Michael Stone.
17:47 of 2nd period - Backhand shot by Dawson Mercer.
17:47 of 2nd period - Deflect By Dillon Dube.
17:47 of 2nd period - Stopped by Stuart Skinner with a rebound.
18:13 of 2nd period - Derick Brassard is hit by Noah Gregor and loses puck.
18:42 of 2nd period - Joey Anderson is hit by Cam York and loses puck.
19:25 of 2nd period - Penalty to Logan O'Connor is over, Logan O'Connor is back on ice.
Goals for this period are 1 for Edmonton Oil Kings vs 1 for Espoo Blues.
Shots for this period are 11 for Edmonton Oil Kings vs 5 for Espoo Blues.
3rd period
0:01 of 3rd period - Ryan McLeod wins face-off versus Derek Grant in neutral zone.
0:09 of 3rd period - Off-side.
0:10 of 3rd period - Derek Grant wins face-off versus Ryan McLeod in neutral zone.
0:15 of 3rd period - Wrist shot by Michael Stone.
0:15 of 3rd period - Shot Misses the Net.
0:17 of 3rd period - Wrist shot by Michael Stone.
0:17 of 3rd period - Stopped by Karel Vejmelka with a rebound.
0:19 of 3rd period - Snap shot by Stefan Noesen.
0:19 of 3rd period - Goal by Stefan Noesen - Edmonton Oil Kings : 1 - Espoo Blues : 2.
0:20 of 3rd period - Ryan McLeod wins face-off versus Derek Grant in neutral zone.
0:23 of 3rd period - Snap shot by Filip Zadina.
0:23 of 3rd period - Shot Misses the Net.
0:25 of 3rd period - Slapshot by Jack Johnson.
0:25 of 3rd period - Shot Blocked by Mattias Samuelsson.
0:27 of 3rd period - Snap shot by Ryan McLeod.
0:27 of 3rd period - Shot Blocked by Stefan Noesen.
0:29 of 3rd period - Slapshot by Filip Zadina.
0:29 of 3rd period - Shot Blocked by Stefan Noesen.
0:35 of 3rd period - Snap shot by Filip Zadina.
0:35 of 3rd period - Stopped by Stuart Skinner without a rebound.
0:36 of 3rd period - Derick Brassard wins face-off versus Dylan Holloway in Espoo Blues zone.
0:38 of 3rd period - Minor Penalty to Chad Ruhwedel for Tripping.
0:39 of 3rd period - Dawson Mercer wins face-off versus Logan O'Connor in Espoo Blues zone.
1:05 of 3rd period - Joey Anderson is hit by Mattias Janmark and loses puck.
2:22 of 3rd period - Mattias Samuelsson is hit by Brett Kulak and loses puck.
2:33 of 3rd period - Noah Gregor is hit by Fredrik Karlstrom and loses puck.
2:38 of 3rd period - Penalty to Chad Ruhwedel is over, Chad Ruhwedel is back on ice.
3:09 of 3rd period - Gavin Bayreuther is hit by Tyler Angle.
4:09 of 3rd period - Connor McMichael is hit by Patric Hornqvist and loses puck.
5:29 of 3rd period - Wrist shot by Patric Hornqvist.
5:29 of 3rd period - Stopped by Karel Vejmelka without a rebound.
5:30 of 3rd period - Tyler Angle wins face-off versus Derek Grant in Edmonton Oil Kings zone.
5:37 of 3rd period - Wrist shot by Gabriel Carlsson.
5:37 of 3rd period - Shot Blocked by Cam York.
6:09 of 3rd period - Snap shot by Dillon Dube.
6:09 of 3rd period - Shot Blocked by Chad Ruhwedel.
6:11 of 3rd period - Wrist shot by Dylan Holloway.
6:11 of 3rd period - Shot Misses the Net.
6:21 of 3rd period - Derick Brassard is hit by Dysin Mayo and loses puck.
7:50 of 3rd period - Ridly Greig is hit by Dysin Mayo and loses puck.
7:59 of 3rd period - Slapshot by Julien Gauthier.
7:59 of 3rd period - Stopped by Stuart Skinner without a rebound.
8:00 of 3rd period - Ryan McLeod wins face-off versus Fredrik Karlstrom in Espoo Blues zone.
8:13 of 3rd period - Snap shot by Dawson Mercer.
8:13 of 3rd period - Stopped by Stuart Skinner without a rebound.
8:14 of 3rd period - Ryan McLeod wins face-off versus Derick Brassard in Espoo Blues zone.
8:15 of 3rd period - Snap shot by Dawson Mercer.
8:15 of 3rd period - Stopped by Stuart Skinner without a rebound.
8:16 of 3rd period - Derick Brassard wins face-off versus Ryan McLeod in Espoo Blues zone.
8:16 of 3rd period - Derick Brassard is hit by Gabriel Carlsson.
8:24 of 3rd period - Snap shot by Derick Brassard.
8:24 of 3rd period - Stopped by Karel Vejmelka with a rebound.
8:32 of 3rd period - Slapshot by Filip Zadina.
8:32 of 3rd period - Shot Hit the Post.
8:46 of 3rd period - Snap shot by Mattias Samuelsson.
8:46 of 3rd period - Shot Misses the Net.
8:48 of 3rd period - Slapshot by Stefan Noesen.
8:48 of 3rd period - Goal by Stefan Noesen - Edmonton Oil Kings : 1 - Espoo Blues : 3.
8:49 of 3rd period - Derek Grant wins face-off versus Ryan McLeod in neutral zone.
9:04 of 3rd period - Snap shot by Dawson Mercer.
9:04 of 3rd period - Shot Hit the Post.
9:16 of 3rd period - Dillon Dube is hit by Derick Brassard and loses puck.
9:35 of 3rd period - Snap shot by Patric Hornqvist.
9:35 of 3rd period - Shot Misses the Net.
9:37 of 3rd period - Snap shot by Fredrik Karlstrom.
9:37 of 3rd period - Stopped by Karel Vejmelka without a rebound.
9:38 of 3rd period - Tyler Angle wins face-off versus Fredrik Karlstrom in Edmonton Oil Kings zone.
10:04 of 3rd period - Slapshot by Morgan Barron.
10:04 of 3rd period - Shot Misses the Net.
10:06 of 3rd period - Wrist shot by Tyler Angle.
10:06 of 3rd period - Stopped by Stuart Skinner without a rebound.
10:07 of 3rd period - Ryan McLeod wins face-off versus Derek Grant in Espoo Blues zone.
10:14 of 3rd period - Slapshot by Dawson Mercer.
10:14 of 3rd period - Shot Blocked by Mattias Samuelsson.
10:38 of 3rd period - Snap shot by Dillon Dube.
10:38 of 3rd period - Shot Misses the Net.
10:40 of 3rd period - Wrist shot by Noah Gregor.
10:40 of 3rd period - Stopped by Stuart Skinner with a rebound.
10:42 of 3rd period - Backhand shot by Dylan Holloway.
10:42 of 3rd period - Stopped by Stuart Skinner without a rebound.
10:43 of 3rd period - Ryan McLeod wins face-off versus Derek Grant in Espoo Blues zone.
10:49 of 3rd period - Minor Penalty to Stefan Noesen for Hooking.
10:50 of 3rd period - Dawson Mercer wins face-off versus Derek Grant in Espoo Blues zone.
11:23 of 3rd period - Michael Stone is hit by Ryan McLeod and loses puck.
12:11 of 3rd period - Mattias Samuelsson is hit by Noah Gregor and loses puck.
12:40 of 3rd period - Mattias Samuelsson is hit by Brett Kulak and loses puck.
12:49 of 3rd period - Penalty to Stefan Noesen is over, Stefan Noesen is back on ice.
13:01 of 3rd period - Gavin Bayreuther is hit by Tyler Angle and loses puck.
13:47 of 3rd period - Slapshot by Fredrik Karlstrom.
13:47 of 3rd period - Shot Misses the Net.
13:49 of 3rd period - Snap shot by Gavin Bayreuther.
13:49 of 3rd period - Shot Misses the Net.
14:59 of 3rd period - Fredrik Karlstrom is hit by Morgan Barron and loses puck.
15:26 of 3rd period - Derick Brassard is hit by Libor Hajek and loses puck.
15:48 of 3rd period - Double Minor Penalty to Stefan Noesen for Slashing.
15:49 of 3rd period - Ryan McLeod wins face-off versus Derek Grant in Espoo Blues zone.
16:24 of 3rd period - Mattias Janmark is hit by Dillon Dube.
16:28 of 3rd period - Mattias Samuelsson is hit by Brett Kulak.
17:19 of 3rd period - Gabriel Carlsson is hit by Joe Snively and loses puck.
18:23 of 3rd period - Logan O'Connor is hit by Gabriel Carlsson and loses puck.
19:23 of 3rd period - Chad Ruhwedel is hit by Brett Kulak.
19:48 of 3rd period - Penalty to Stefan Noesen is over, Stefan Noesen is back on ice.
Goals for this period are 0 for Edmonton Oil Kings vs 2 for Espoo Blues.
Shots for this period are 7 for Edmonton Oil Kings vs 6 for Espoo Blues.
Back to the Top